TOP OF THE 1ST |
Temiskaming District Secondary School Saints batting - Pitching for Rocky Point HS Eagles : RHP Emílio Chavarría
|
Pitching: RHP Emílio Chavarría
|
|
Batting: RHB George Gardner
|
0-0: Called Strike 0-1: Swinging Strike 0-2: Ground out 6-3 (Groundball, 6)
|
Batting: RHB Beau McNeill
|
0-0: Ball 1-0: Foul Ball, location: 2F 1-1: Ball 2-1: Foul Ball, location: 2F 2-2: Strikes out looking
|
Batting: RHB Fred Moulds
|
0-0: Foul Ball, location: 2F 0-1: Ball 1-1: DOUBLE (Groundball, 3D)
|
Batting: RHB Walt Miller
|
0-0: Foul Ball, location: 2F 0-1: Called Strike 0-2: Foul Ball, location: 2F 0-2: Ball 1-2: Fly out, F8 (Popup, 8RS)
|
Top of the 1st over - 0 run(s), 1 hit(s), 0 error(s), 1 left on base; Temiskaming District Secondary School 0 - Rocky Point HS 0 |
BOTTOM OF THE 1ST |
Rocky Point HS Eagles batting - Pitching for Temiskaming District Secondary School Saints : LHP David Rodríguez
|
Pitching: LHP David Rodríguez
|
|
Batting: RHB Fernando Pagán
|
0-0: Ball 1-0: Called Strike 1-1: DOUBLE (Line Drive, 56D)
|
Batting: RHB Jim Sharry
|
0-0: SINGLE (Groundball, 5D) Fernando Pagán to third
|
Batting: RHB Joe Lewis
|
0-0: Called Strike 0-1: Ball 1-1: Ball 2-1: 3-RUN HOME RUN (Flyball, 9LD), Distance : 364 ft
|
Batting: RHB Pedro Cháves
|
0-0: Fly out, F8 (Flyball, 8RM)
|
Batting: LHB Gus Price
|
0-0: Ball 1-0: SINGLE (Line Drive, 8LS)
|
Batting: RHB Dave Burkholder
|
0-0: Called Strike 0-1: Ball 1-1: Foul Ball, location: 2F 1-2: SINGLE (Groundball, 56) Gus Price to second
|
Batting: SHB Andrés Coronado
|
0-0: Ball 1-0: Foul Ball, location: 2F 1-1: Ball 2-1: Ball 3-1: Base on Balls Gus Price to third Dave Burkholder to second
|
Batting: LHB Rob Peterson
|
0-0: Called Strike 0-1: Ball 1-1: SINGLE (Flyball, 78S) Gus Price scores Dave Burkholder to third Andrés Coronado to second Runner from 3rd tries for Home, SAFE, throw made home
|
Batting: RHB Ramón Garza
|
0-0: Called Strike 0-1: Ball 1-1: Called Strike 1-2: Ball 2-2: SINGLE (Flyball, 8RM) Andrés Coronado to third Rob Peterson to second Runner from 3rd tries for Home, SAFE, no throw or cutoff
|
Batting: RHB Fernando Pagán
|
0-0: Ball 1-0: Ball 2-0: Ball 3-0: Base on Balls Rob Peterson to third Ramón Garza to second
|
Batting: RHB Jim Sharry
|
0-0: Ball 1-0: Ball 2-0: Ball 3-0: Called Strike 3-1: Base on Balls Rob Peterson scores Ramón Garza to third Fernando Pagán to second
|
Batting: RHB Joe Lewis
|
0-0: Called Strike 0-1: Called Strike 0-2: Strikes out looking
|
Batting: RHB Pedro Cháves
|
0-0: Called Strike 0-1: Foul Ball, location: 2F 0-2: Strikes out swinging
|
Bottom of the 1st over - 7 run(s), 7 hit(s), 0 error(s), 3 left on base; Temiskaming District Secondary School 0 - Rocky Point HS 7 |
TOP OF THE 2ND |
Temiskaming District Secondary School Saints batting - Pitching for Rocky Point HS Eagles : RHP Emílio Chavarría
|
Batting: LHB Carlos Músquez
|
0-0: Ball 1-0: Ball 2-0: Foul Ball, location: 2F 2-1: Ball 3-1: Ground out 4-3 (Groundball, 4)
|
Batting: RHB Bob Ferguson
|
0-0: Called Strike 0-1: Called Strike 0-2: Ball 1-2: Reached on error, E6 (Groundball, 6)
|
Batting: RHB John Weber
|
0-0: Called Strike 0-1: Foul Ball, location: 2F 0-2: Strikes out swinging
|
Batting: RHB Elliott Short
|
0-0: Ball 1-0: Ball 2-0: Called Strike 2-1: DOUBLE (Line Drive, 89M) Bob Ferguson to third Runner from 3rd tries for Home, SAFE, no throw or cutoff
|
Batting: SHB Stanley Ryan
|
0-0: Fly out, F4 (Popup, 4M)
|
Top of the 2nd over - 1 run(s), 1 hit(s), 1 error(s), 1 left on base; Temiskaming District Secondary School 1 - Rocky Point HS 7 |
BOTTOM OF THE 2ND |
Rocky Point HS Eagles batting - Pitching for Temiskaming District Secondary School Saints : LHP David Rodríguez
|
Batting: LHB Gus Price
|
0-0: Ball 1-0: Ball 2-0: Ball 3-0: Called Strike 3-1: SINGLE (Flyball, 6MD)
|
Batting: RHB Dave Burkholder
|
0-0: Called Strike 0-1: Fly out, F8 (Flyball, 8LS)
|
Batting: SHB Andrés Coronado
|
0-0: Ball 1-0: Foul Ball, location: 2F 1-1: Foul Ball, location: 2F 1-2: Ball 2-2: Strikes out looking
|
Batting: LHB Rob Peterson
|
0-0: Ball 1-0: Ball 2-0: SINGLE (Groundball, 23) (infield hit) Gus Price to second
|
Batting: RHB Ramón Garza
|
0-0: Foul Ball, location: 2F 0-1: Swinging Strike 0-2: Ball 1-2: Strikes out swinging
|
Bottom of the 2nd over - 0 run(s), 2 hit(s), 0 error(s), 2 left on base; Temiskaming District Secondary School 1 - Rocky Point HS 7 |
TOP OF THE 3RD |
Temiskaming District Secondary School Saints batting - Pitching for Rocky Point HS Eagles : RHP Emílio Chavarría
|
Batting: RHB George Gardner
|
0-0: Ball 1-0: Foul Ball, location: 2F 1-1: Foul Ball, location: 2F 1-2: Ground out 4-3 (Groundball, 4)
|
Batting: RHB Beau McNeill
|
0-0: Called Strike 0-1: SINGLE (Groundball, 4MD)
|
Batting: RHB Fred Moulds
|
0-0: Swinging Strike 0-1: Ball 1-1: Ball 2-1: Ball 3-1: Base on Balls Beau McNeill to second
|
Batting: RHB Walt Miller
|
0-0: Ball 1-0: Called Strike 1-1: Swinging Strike 1-2: SINGLE (Flyball, 8LS) Beau McNeill to third Fred Moulds to second Runner from 3rd tries for Home, throw and OUT!
|
Batting: LHB Carlos Músquez
|
0-0: Ball 1-0: Ball 2-0: Foul Ball, location: 2F 2-1: Foul Ball, location: 2F 2-2: Ball 3-2: Ground out 4-3 (Groundball, 4S)
|
Top of the 3rd over - 0 run(s), 2 hit(s), 0 error(s), 2 left on base; Temiskaming District Secondary School 1 - Rocky Point HS 7 |
BOTTOM OF THE 3RD |
Rocky Point HS Eagles batting - Pitching for Temiskaming District Secondary School Saints : LHP David Rodríguez
|
Batting: RHB Fernando Pagán
|
0-0: Ball 1-0: Ball 2-0: Ball 3-0: Base on Balls
|
Batting: RHB Jim Sharry
|
0-0: Ball 1-0: Ball 2-0: Called Strike 2-1: Called Strike 2-2: Ball 3-2: Foul Ball, location: 2F 3-2: Strikes out looking
|
Batting: RHB Joe Lewis
|
0-0: Ball 1-0: Foul Ball, location: 2F 1-1: Fly out, F8 (Popup, 6MD)
|
Pitching: LHP Maurice Chappell
|
|
Batting: RHB Pedro Cháves
|
0-0: Called Strike 0-1: Ball 1-1: Foul Ball, location: 2F 1-2: Foul Ball, location: 2F 1-2: Ground out 4-3 (Groundball, 4)
|
Bottom of the 3rd over - 0 run(s), 0 hit(s), 0 error(s), 1 left on base; Temiskaming District Secondary School 1 - Rocky Point HS 7 |
TOP OF THE 4TH |
Temiskaming District Secondary School Saints batting - Pitching for Rocky Point HS Eagles : RHP Emílio Chavarría
|
Batting: RHB Bob Ferguson
|
0-0: Foul Ball, location: 2F 0-1: Swinging Strike 0-2: Strikes out looking
|
Batting: RHB John Weber
|
0-0: Foul Ball, location: 2F 0-1: Fly out, F8 (Flyball, 8RM)
|
Batting: RHB Elliott Short
|
0-0: Swinging Strike 0-1: Foul Ball, location: 2F 0-2: Ball 1-2: Strikes out swinging
|
Top of the 4th over - 0 run(s), 0 hit(s), 0 error(s), 0 left on base; Temiskaming District Secondary School 1 - Rocky Point HS 7 |
BOTTOM OF THE 4TH |
Rocky Point HS Eagles batting - Pitching for Temiskaming District Secondary School Saints : LHP Maurice Chappell
|
Batting: LHB Gus Price
|
0-0: Called Strike 0-1: Ball 1-1: Ball 2-1: Swinging Strike 2-2: Ball 3-2: Base on Balls
|
Batting: RHB Dave Burkholder
|
0-0: Ball 1-0: Foul Ball, location: 2F 1-1: Foul Ball, location: 2F 1-2: Fly out, F6 (Popup, 6M)
|
Batting: SHB Andrés Coronado
|
0-0: Ball 1-0: Ball 2-0: Ball 3-0: Called Strike 3-1: Called Strike 3-2: Base on Balls Gus Price to second
|
Batting: LHB Rob Peterson
|
0-0: Ball 1-0: Ball 2-0: Ball Wild Pitch! Gus Price to third Andrés Coronado to second 3-0: Called Strike 3-1: Base on Balls
|
Batting: RHB Ramón Garza
|
0-0: Ball 1-0: SINGLE (Line Drive, 8LS) Gus Price scores Andrés Coronado to third Rob Peterson to second
|
Batting: RHB Fernando Pagán
|
0-0: Foul Ball, location: 2F 0-1: Ball 1-1: Ball 2-1: Ball 3-1: Base on Balls Andrés Coronado scores Rob Peterson to third Ramón Garza to second
|
Batting: RHB Jim Sharry
|
0-0: Swinging Strike 0-1: Foul Ball, location: 2F 0-2: Grounds into double play, 1-2-3 (Groundball, 15)
|
Bottom of the 4th over - 2 run(s), 1 hit(s), 0 error(s), 2 left on base; Temiskaming District Secondary School 1 - Rocky Point HS 9 |
TOP OF THE 5TH |
Temiskaming District Secondary School Saints batting - Pitching for Rocky Point HS Eagles : RHP Emílio Chavarría
|
Batting: SHB Stanley Ryan
|
0-0: Ball 1-0: Fly out, F9 (Flyball, 9LD)
|
Batting: RHB George Gardner
|
0-0: Called Strike 0-1: Ball 1-1: Swinging Strike 1-2: Strikes out swinging
|
Batting: RHB Beau McNeill
|
0-0: Foul Ball, location: 2F 0-1: Ball 1-1: Ball 2-1: Foul Ball, location: 2F 2-2: Strikes out swinging
|
Top of the 5th over - 0 run(s), 0 hit(s), 0 error(s), 0 left on base; Temiskaming District Secondary School 1 - Rocky Point HS 9 |
BOTTOM OF THE 5TH |
Rocky Point HS Eagles batting - Pitching for Temiskaming District Secondary School Saints : LHP Maurice Chappell
|
Batting: RHB Joe Lewis
|
0-0: SINGLE (Flyball, 9LS)
|
Batting: RHB Pedro Cháves
|
0-0: Foul Ball, location: 2F 0-1: Ball 1-1: Ball 2-1: Fly out, F9 (Flyball, 9M)
|
Batting: LHB Gus Price
|
0-0: SINGLE (Flyball, 7S) Joe Lewis to second
|
Batting: RHB Dave Burkholder
|
0-0: Ball 1-0: SINGLE (Flyball, 9S) Joe Lewis to third Gus Price to second
|
Batting: SHB Andrés Coronado
|
0-0: Ball 1-0: Foul Ball, location: 2F 1-1: GRAND SLAM HOME RUN (Flyball, 7D), Distance : 378 ft
|
Pitching: RHP Chris King
|
|
Batting: LHB Rob Peterson
|
0-0: Ball Reached via error on a dropped throw, E3
|
Batting: RHB Ramón Garza
|
0-0: Called Strike 0-1: Fly out, F6 (Line Drive, 6)
|
Batting: RHB Fernando Pagán
|
0-0: Called Strike 0-1: SINGLE (Line Drive, 6D) Rob Peterson to second
|
Batting: RHB Jim Sharry
|
0-0: Called Strike 0-1: Ball 1-1: Foul Ball, location: 2F 1-2: Foul Ball, location: 2F 1-2: Ball 2-2: SINGLE (Line Drive, 6D) Rob Peterson to third Fernando Pagán to second
|
Batting: RHB Joe Lewis
|
0-0: Foul Ball, location: 2F 0-1: Foul Ball, location: 2F 0-2: Ball 1-2: Ball 2-2: Foul Ball, location: 2F 2-2: Ball 3-2: Base on Balls Rob Peterson scores Fernando Pagán to third Jim Sharry to second
|
Batting: RHB Pedro Cháves
|
0-0: Ball 1-0: Ball 2-0: Swinging Strike 2-1: Ball 3-1: DOUBLE (Line Drive, 7LS) Fernando Pagán scores Jim Sharry scores Joe Lewis to third Runner from 3rd tries for Home, SAFE, no throw or cutoff
|
Batting: LHB Gus Price
|
0-0: Called Strike 0-1: Ball 1-1: Ground out 5-3 (Groundball, 5S)
|
Bottom of the 5th over - 8 run(s), 7 hit(s), 1 error(s), 1 left on base; Temiskaming District Secondary School 1 - Rocky Point HS 17 |
TOP OF THE 6TH |
Temiskaming District Secondary School Saints batting - Pitching for Rocky Point HS Eagles : RHP Emílio Chavarría
|
Batting: RHB Fred Moulds
|
0-0: Called Strike 0-1: Ball 1-1: Ground out 6-3 (Groundball, 56)
|
Batting: RHB Walt Miller
|
0-0: Ball 1-0: Fly out, F9 (Flyball, 9M)
|
Batting: LHB Carlos Músquez
|
0-0: Reached on error, E4 (Groundball, 4)
|
Pitching: LHP Rick Estes
|
|
Batting: RHB Bob Ferguson
|
0-0: Ball 1-0: Ball 2-0: Ball 3-0: Called Strike 3-1: SINGLE (Line Drive, 7M) Carlos Músquez to second
|
Batting: RHB John Weber
|
0-0: Called Strike 0-1: Ball 1-1: Called Strike 1-2: Strikes out swinging
|
Top of the 6th over - 0 run(s), 1 hit(s), 1 error(s), 2 left on base; Temiskaming District Secondary School 1 - Rocky Point HS 17 |
BOTTOM OF THE 6TH |
Rocky Point HS Eagles batting - Pitching for Temiskaming District Secondary School Saints : RHP Chris King
|
Pitching: RHP Alfonso Rodríguez
|
|
Batting: RHB Dave Burkholder
|
0-0: Called Strike 0-1: Foul Ball, location: 2F 0-2: Ball 1-2: Fly out, F8 (Flyball, 8LM)
|
Batting: SHB Andrés Coronado
|
0-0: Called Strike 0-1: Ground out 4-3 (Groundball, 4)
|
Batting: LHB Rob Peterson
|
0-0: Ball 1-0: Called Strike 1-1: Ball 2-1: SINGLE (Line Drive, 4M)
|
Batting: RHB Ramón Garza
|
0-0: Ball 1-0: Called Strike Throwing error on steal attempt, E2 Rob Peterson to third 1-1: Foul Ball, location: 2F 1-2: Strikes out swinging
|
Bottom of the 6th over - 0 run(s), 1 hit(s), 1 error(s), 1 left on base; Temiskaming District Secondary School 1 - Rocky Point HS 17 |
TOP OF THE 7TH |
Temiskaming District Secondary School Saints batting - Pitching for Rocky Point HS Eagles : LHP Rick Estes
|
Batting: RHB Elliott Short
|
0-0: Called Strike 0-1: Ball 1-1: Ball 2-1: Ball 3-1: Called Strike 3-2: Ground out 4-3 (Groundball, 4)
|
Batting: SHB Stanley Ryan
|
0-0: Ball 1-0: Called Strike 1-1: Ball 2-1: SINGLE (Groundball, 56D)
|
Batting: RHB George Gardner
|
0-0: Ball 1-0: Called Strike 1-1: Foul Ball, location: 2F 1-2: Ball 2-2: Foul Ball, location: 2F 2-2: Ball 3-2: Fly out, F9 (Line Drive, 89M)
|
Batting: RHB Beau McNeill
|
0-0: Ball 1-0: Ball 2-0: Ball 3-0: Base on Balls Stanley Ryan to second
|
Batting: RHB Fred Moulds
|
0-0: Ball 1-0: Foul Ball, location: 2F 1-1: Swinging Strike 1-2: Foul Ball, location: 2F 1-2: Ball 2-2: Strikes out swinging
|
Top of the 7th over - 0 run(s), 1 hit(s), 0 error(s), 2 left on base; Temiskaming District Secondary School 1 - Rocky Point HS 17 |
BOTTOM OF THE 7TH |
Rocky Point HS Eagles batting - Pitching for Temiskaming District Secondary School Saints : RHP Alfonso Rodríguez
|
Batting: RHB Fernando Pagán
|
0-0: Foul Ball, location: 2F 0-1: Foul Ball, location: 2F 0-2: Strikes out swinging
|
Batting: RHB Jim Sharry
|
0-0: Ball 1-0: Called Strike 1-1: Foul Ball, location: 2F 1-2: SINGLE (Line Drive, 89S)
|
Batting: RHB Joe Lewis
|
0-0: Called Strike 0-1: Called Strike 0-2: Foul Ball, location: 2F 0-2: Ball 1-2: Strikes out looking
|
Batting: RHB Pedro Cháves
|
0-0: Swinging Strike 0-1: Ball 1-1: Ball 2-1: Foul Ball, location: 2F 2-2: Reached on Error, E9 (Flyball, 9S) Jim Sharry to third
|
Pinch Hitting: RHB John Lindsey
|
0-0: Ball 1-0: Called Strike 1-1: Swinging Strike 1-2: Strikes out swinging
|
Bottom of the 7th over - 0 run(s), 1 hit(s), 1 error(s), 2 left on base; Temiskaming District Secondary School 1 - Rocky Point HS 17 |
TOP OF THE 8TH |
Temiskaming District Secondary School Saints batting - Pitching for Rocky Point HS Eagles : LHP Rick Estes
|
Now in CF: John Lindsey
|
|
Batting: RHB Walt Miller
|
0-0: Ground out 6-3 (Groundball, 6MS)
|
Batting: LHB Carlos Músquez
|
0-0: Swinging Strike 0-1: Ball 1-1: Fly out, F5 (Popup, 5SF)
|
Batting: RHB Bob Ferguson
|
0-0: Called Strike 0-1: Ball 1-1: Ball 2-1: Ball 3-1: SINGLE (Groundball, 34D)
|
Batting: RHB John Weber
|
0-0: Foul Ball, location: 2F 0-1: Ball 1-1: Swinging Strike 1-2: Strikes out swinging
|
Top of the 8th over - 0 run(s), 1 hit(s), 0 error(s), 1 left on base; Temiskaming District Secondary School 1 - Rocky Point HS 17 |
BOTTOM OF THE 8TH |
Rocky Point HS Eagles batting - Pitching for Temiskaming District Secondary School Saints : RHP Alfonso Rodríguez
|
Pitching: RHP Roberto Colón
|
|
Batting: RHB Dave Burkholder
|
0-0: Ball 1-0: Ball 2-0: Called Strike 2-1: Foul Ball, location: 2F 2-2: Strikes out swinging
|
Batting: SHB Andrés Coronado
|
0-0: Ball 1-0: Ball 2-0: Called Strike 2-1: Foul Ball, location: 2F 2-2: Foul Ball, location: 2F 2-2: SINGLE (Groundball, 34D)
|
Batting: LHB Rob Peterson
|
0-0: Ball 1-0: Ball 2-0: Ball 3-0: Base on Balls Andrés Coronado to second
|
Pinch Hitting: RHB Andrew Pinto
|
0-0: Ball 1-0: Fly out, F8 (Flyball, 8RM)
|
Batting: RHB Fernando Pagán
|
0-0: Ball 1-0: Foul Ball, location: 2F 1-1: Fly out, F9 (Line Drive, 89D)
|
Bottom of the 8th over - 0 run(s), 1 hit(s), 0 error(s), 2 left on base; Temiskaming District Secondary School 1 - Rocky Point HS 17 |
TOP OF THE 9TH |
Temiskaming District Secondary School Saints batting - Pitching for Rocky Point HS Eagles : LHP Rick Estes
|
Now at C: Josh Conner
|
|
Now at SS: Andrew Pinto
|
|
Batting: RHB Elliott Short
|
0-0: Ball 1-0: Ball 2-0: Swinging Strike 2-1: Swinging Strike 2-2: Ball 3-2: Base on Balls
|
Pitching: RHP Roy Jordan
|
|
Batting: SHB Stanley Ryan
|
0-0: Called Strike 0-1: Ball 1-1: Ball 2-1: Ground out 5-3 (Groundball, 56S) Elliott Short to second
|
Batting: RHB George Gardner
|
0-0: Called Strike 0-1: Ball 1-1: Fly out, F9 (Flyball, 9M)
|
Batting: RHB Beau McNeill
|
0-0: Called Strike 0-1: Ball 1-1: Swinging Strike 1-2: SINGLE (Line Drive, 9S) Elliott Short to third Runner from 3rd tries for Home, SAFE, throw made home
|
Batting: RHB Fred Moulds
|
0-0: Ball 1-0: Ball 2-0: Called Strike 2-1: Called Strike 2-2: Strikes out swinging
|
Top of the 9th over - 1 run(s), 1 hit(s), 0 error(s), 1 left on base; Temiskaming District Secondary School 2 - Rocky Point HS 17 |
|